 Dungeon Crawl Stone Soup version 0.20-a0-492-g6327889 (webtiles) character file.

1342 Promi the Slasher (level 8, -6/63 HPs)
             Began as a Human Fighter on Jan 16, 2017.
             Was a Believer of Ashenzari.
             Mangled by Prince Ribbit (12 damage)
             ... on level 7 of the Dungeon.
             The game lasted 00:19:22 (7173 turns).

Promi the Slasher (Human Fighter)                   Turns: 7173, Time: 00:19:23

Health: -6/63      AC:  8    Str: 21    XL:     8   Next: 93%
Magic:  8/8        EV:  9    Int:  9    God:    Ashenzari [**....]
Gold:   365        SH:  5    Dex: 15    Spells: 7/7 levels left

rFire    . . .     SeeInvis .   j - +2 dagger (venom)
rCold    . . .     Gourm    .   b - +0 scale mail
rNeg     . . .     Faith    .   A - +0 buckler
rPois    .         Spirit   .   (no helmet)
rElec    .         Reflect  .   (no cloak)
rCorr    +         Harm     .   (no gloves)
MR       .....                  G - +0 pair of boots
Stlth    ..........             (no amulet)
Regen    0.2/turn               (no ring)
                                o - ring of resist corrosion

@: mighty
A: no striking features
a: Curse Item, Scrying, Renounce Religion


You were on level 7 of the Dungeon.
You worshipped Ashenzari.
Ashenzari was pleased with you.
You were not hungry.

You visited 1 branch of the dungeon, and saw 7 of its levels.
You also visited: Sewer.

You collected 365 gold pieces.

Inventory:

Hand Weapons
 a - a +0 long sword
 j - a +2 dagger of venom (weapon)
Armour
 b - a +0 scale mail (worn)
 c - a +0 shield
 A - a +0 buckler (worn)
 G - a +0 pair of boots (worn)
Jewellery
 o - a ring of resist corrosion (left hand)
 I - an uncursed ring of fire
Wands
 g - a wand of scattershot (3/9)
 r - a wand of paralysis (14/24)
 B - a wand of acid (8/15)
Scrolls
 s - 3 scrolls of fog
 v - a scroll of enchant weapon {unknown}
 w - a scroll of immolation {unknown}
 y - a scroll of recharging {unknown}
 z - 2 scrolls of fear {unknown}
 D - 2 scrolls of identify
 E - a scroll of enchant armour {unknown}
Potions
 d - a potion of might
 e - a potion of magic
 i - 4 potions of ambrosia
 k - 7 potions of curing
 m - 2 potions of haste
 n - a potion of resistance {unknown}
 p - a potion of cure mutation {unknown}
 t - 5 potions of flight {unknown}
 u - 2 potions of cancellation {unknown}
 x - a potion of brilliance {unknown}
Books
 C - a book of Callings

   Spells                             Type                      Level
   a - Summon Small Mammal            Summoning                    1
   b - Call Imp                       Summoning                    2
   c - Call Canine Familiar           Summoning                    3
   d - Summon Guardian Golem          Hexes/Summoning              3
   e - Summon Lightning Spire         Summoning/Air                4
   f - Summon Ice Beast               Ice/Summoning                4
Comestibles
 f - 4 bread rations
 l - a beef jerky
 q - a meat ration
 F - a slice of pizza
 H - a chunk of flesh


   Skills:
 + Level 5.4 Fighting
 * Level 7.1 Long Blades
 + Level 5.9 Armour
 - Level 4.4 Shields


You had 7 spell levels left.
You didn't know any spells.

Dungeon Overview and Level Annotations

Branches:
Dungeon (7/15)             Temple (0/1) D:4

Altars:
Ashenzari
Elyvilon
Qazlal
Ru
Trog
Xom

Annotations:
D:7 Pikel, Prince Ribbit


Message History

Prince Ribbit hits you.
You hit Prince Ribbit.
Prince Ribbit is poisoned.
Prince Ribbit is moderately wounded.
Prince Ribbit hits you!
* * * LOW HITPOINT WARNING * * *
Prince Ribbit hits you but does no damage.
Prince Ribbit blinks!
You feel much better. Prince Ribbit hits you!
A slave comes into view.
You barely miss Prince Ribbit.
Prince Ribbit is moderately wounded.
The slave shouts!
Prince Ribbit hits you!
* * * LOW HITPOINT WARNING * * *
Okay, then.
You feel very mighty all of a sudden. Pikel hits you but does no damage.
You are electrocuted!
* * * LOW HITPOINT WARNING * * *
Prince Ribbit hits you!
You die...

#.....................#
#...#####.#############
##.###.## #.# ##.# #.#
#.# ##.# #.# #.# ##.#
#.# #.# ##.# #.# #.#
##.# #.# #.###########
##.# #.# #..F@Kppp.p.#
##.# #.# ###########.#
.#.###.# #..p.K.#
#......# ########
#.###### #.# .## ##


You could see Prince Ribbit, Pikel and 4 slaves.

Vanquished Creatures
  An ice beast (D:5)
  A sky beast (D:6)
  An ogre (D:5)
  2 big kobolds (Sewer)
  3 bullfrogs
  A howler monkey (D:6)
  A centaur zombie (D:6)
  3 crimson imps
  A hound (D:6)
  2 jellies
  2 orc wizards
  A bullfrog skeleton (D:5)
  2 iguanas
  4 worker ants
  A hound zombie (D:5)
  2 hound skeletons (D:4)
  4 adders
  A gnoll (D:3)
  3 shadow imps
  An ooze (D:3)
  An adder skeleton (D:4)
  2 adder zombies (D:5)
  5 worms
  2 dart slugs
  4 leopard geckos
  30 orcs
  7 bats
  4 giant cockroaches
  8 goblins
  3 hobgoblins
  3 jackals (D:4)
  19 kobolds
  3 ball pythons
  3 frilled lizards
  A jackal skeleton (D:6)
  8 rats
140 creatures vanquished.

Notes
Turn   | Place    | Note
-------+----------+-------------------------------------------
     0 | D:1      | Promi the Human Fighter began the quest for the Orb.
     0 | D:1      | Reached XP level 1. HP: 18/18 MP: 1/1
   308 | D:1      | Reached XP level 2. HP: 21/24 MP: 2/2
   666 | D:2      | Found a shattered altar of Ashenzari.
   669 | D:2      | Became a worshipper of Ashenzari the Shackled
   954 | D:2      | Reached XP level 3. HP: 28/29 MP: 3/3
  1704 | D:2      | Reached skill level 3 in Long Blades
  1938 | D:2      | Reached XP level 4. HP: 34/35 MP: 4/4
  2298 | D:3      | Found a faded altar of an unknown god.
  2508 | D:3      | Reached XP level 5. HP: 37/41 MP: 5/5
  2555 | D:3      | Found a bloodstained altar of Trog.
  2587 | D:3      | Found a stormy altar of Qazlal.
  2971 | D:3      | Reached skill level 4 in Long Blades
  3309 | D:4      | Reached XP level 6. HP: 21/47 MP: 6/6
  3852 | D:4      | Found a staircase to the Ecumenical Temple.
  3934 | D:4      | Reached * piety under Ashenzari
  4189 | D:4      | Found a stormy altar of Qazlal.
  4312 | D:5      | Entered Level 5 of the Dungeon
  4375 | D:5      | Reached skill level 5 in Long Blades
  4387 | D:5      | Reached XP level 7. HP: 38/54 MP: 7/7
  4529 | D:5      | Found a glowing drain.
  4533 | Sewer    | Entered a sewer
  4651 | Sewer    | Reached skill level 5 in Armour
  5068 | D:5      | Reached XP level 8. HP: 36/61 MP: 8/8
  5458 | D:5      | Found a shimmering altar of Xom.
  5898 | D:5      | Found a sacrificial altar of Ru.
  6068 | D:5      | Reached skill level 6 in Long Blades
  6267 | D:6      | Found a white marble altar of Elyvilon.
  6329 | D:6      | Reached skill level 5 in Fighting
  6975 | D:7      | Reached skill level 7 in Long Blades
  7012 | D:7      | Reached ** piety under Ashenzari
  7151 | D:7      | Noticed Prince Ribbit
  7154 | D:7      | Noticed Pikel
  7173 | D:7      | Mangled by Prince Ribbit

Vault maps used:
D:1:      dpeg_arrival_rhombi
D:2:      ashenzari_conservatory_becter
D:3:      old_standard_altar, chequers_ecumenical_altar_simple,
          nicolae_qazlal_eye_of_the_storm
D:4:      kennysheep_little_box, first_bread
D:5:      kennysheep_mini_moat, nicolae_ru_awakened_eye, gup_sewer_entry_bowl,
          sigmund_army
D:6:      lemuel_doored_altar
D:7:      cheibriados_altar_1, uniq_duvessa, uniq_prince_ribbit1, uniq_pikel
Sewer:    kennysheep_pipe_town

Skill      XL: |  1  2  3  4  5  6  7  8 |
---------------+-------------------------+-----
Long Blades    | 3 4 5 7 |  7.1
Armour         | 4 5 |  5.9
Fighting       | 4 5 |  5.4
Shields        | 4 |  4.4

Action                   |  1- 3 |  4- 6 |  7- 9 || total
-------------------------+-------+-------+-------++-------
Melee: Long sword        |    60 |       |   108 ||   168
       Dagger            |    23 |   202 |   165 ||   390
  Use: Potion            |     4 |       |     5 ||     9
       Scroll            |       |     2 |     2 ||     4
  Eat: Chunk             |     3 |     7 |    10 ||    20
Armor: Scale mail        |    24 |   125 |   103 ||   252
Dodge: Dodged            |    40 |    99 |   130 ||   269
Block: Buckler           |       |       |    26 ||    26
       Rpst.: Long sword |    14 |       |    16 ||    30
